 Dungeon Crawl Stone Soup version 0.17.1-2-g5865329 (webtiles) character file.

165 Jaijje the Digger (level 5, -3/28 HPs)
             Began as a Gargoyle Earth Elementalist on Feb 14, 2016.
             Was an Initiate of Sif Muna.
             Slain by an ogre
             ... wielding a +0 giant club
              (7 damage)
             ... on level 4 of the Dungeon on Feb 17, 2016.
             The game lasted 00:22:18 (3075 turns).

Jaijje the Digger (Gargoyle Earth Elementalist)     Turns: 3075, Time: 00:22:18

Health: -3/28      AC:  6    Str: 11    XL:     5   Next: 46%
Magic:  1/10       EV: 12    Int: 17    God:    Sif Muna [......]
Gold:   227        SH:  0    Dex: 10    Spells: 2 memorised, 7 levels left

rFire  . . .     SeeInvis .     b - 119 stones
rCold  . . .     Clarity  .     a - +0 robe
rNeg   + . .     SustAt   .     (no shield)
rPois  ∞         Gourm    .     (no helmet)
rElec  +         Spirit   .     (no cloak)
rCorr  .         Warding  .     (no gloves)
rMut   .         Stasis   .     (no boots)
MR     .....                    (no amulet)
Stlth  ++........               (no ring)
                                (no ring)

@: very slightly contaminated, not resistant to hostile enchantments, unstealthy
A: negative energy resistance 1, electricity resistance, unbreathing,
petrification resistance, rot immunity, AC +4
a: Renounce Religion


You were on level 4 of the Dungeon.
You worshipped Sif Muna.
Sif Muna was noncommittal.
You were hungry.

You visited 2 branches of the dungeon, and saw 6 of its levels.

You collected 227 gold pieces.

Inventory:

Missiles
 b - 119 stones (in hand)
Armour
 a - a +0 robe (worn)
Wands
 n - a wand of heal wounds (3)
 u - a wand of lightning (7)
Scrolls
 e - a scroll of random uselessness {unknown}
 h - 6 scrolls of identify {unknown}
 i - 2 scrolls of magic mapping {unknown}
 j - a scroll of remove curse {unknown}
 k - 2 scrolls of amnesia
 m - a scroll of blinking {unknown}
 o - 2 scrolls of enchant weapon {unknown}
 r - a scroll of recharging {unknown}
 w - 3 scrolls of noise {unknown}
Potions
 g - a potion of might {unknown}
 p - 3 potions of curing {unknown}
 q - a potion of ambrosia {unknown}
 s - a potion of mutation {unknown}
 v - a potion of degeneration {unknown}
Books
 c - a book of Geomancy

   Spells                             Type                      Level
   a - Sandblast                      Earth                        1
   b - Stoneskin                      Transmutation/Earth          2
   c - Passwall                       Transmutation/Earth          3
   d - Stone Arrow                    Conjuration/Earth            3
   e - Petrify                        Transmutation/Earth          4
   f - Lee's Rapid Deconstruction     Earth                        5
Comestibles
 d - 4 bread rations
 f - 2 meat rations
 t - a chunk of flesh


   Skills:
 - Level 2.0 Dodging
 - Level 2.2 Stealth
 - Level 0.2 Unarmed Combat
 + Level 3.5 Spellcasting
 + Level 0.4 Conjurations
   Level 0.7 Transmutations
 + Level 5.4 Earth Magic


You had 7 spell levels left.
You knew the following spells:

 Your Spells              Type           Power        Failure   Level  Hunger
a - Sandblast             Erth           ###...       1%          1    None
b - Stone Arrow           Conj/Erth      ##....       17%         3    ###....


Dungeon Overview and Level Annotations

Branches:
Dungeon (5/15)             Temple (1/1) D:4

Altars:
Ashenzari
Elyvilon
Fedhas
Qazlal
Sif Muna
Xom

Annotations:
D:3 Sigmund
D:4 Pikel


Innate Abilities, Weirdness & Mutations

You are resistant to torment.
Your stone body is resilient (AC +4).
You are immune to poison.
You resist negative energy.
You are resistant to electric shocks.
You can survive without breathing.
You are immune to petrification.
You are immune to rotting.


Message History

Your magical contamination has completely faded away.
You see here an arbalest.
Casting: Stone Arrow
Confirm with . or Enter, or press ? or * to list all spells.
Aiming: Stone Arrow
Press: ? - help, Shift-Dir - straight line, f/p - ogre
Aim: an ogre, wielding a giant club (severely wounded)
You miscast Stone Arrow.
You are very lightly contaminated with residual magic.
You feel earthy. The ogre hits you with a giant club!
Ouch! That really hurt!
* * * LOW HITPOINT WARNING * * *
Read which item? (? for menu, Esc to quit)
As you read the scroll labeled QETOHE YSOX, it crumbles to dust.
Forget which spell ([?*] list [ESC] exit)?
Forget which spell ([?*] list [ESC] exit)?
Forget which spell ([?*] list [ESC] exit)?
Okay, then.
It was a scroll of amnesia.
The ogre hits you with a giant club!
You die...

#..## ##.## ....# #..#
....# ##.## ....#
##..### ...##
####.....# ...#
###........# ..##
#..........# .##
##..........# ##
#......@....#
#.....O.....#
#...........# #####
#...).......# ....##
#...........#
.....#####...........#
........##...........#
.....##..............#
.....####.<.........##


You could see an ogre.

Vanquished Creatures
  A slave (D:4)
  A giant frog (D:4)
  A worker ant (D:4)
  An adder (D:4)
  An ooze (D:1)
  A worm (D:2)
  4 giant geckos
  An orc (D:4)
  A ball python (D:2)
  3 bats
  7 goblins
  5 hobgoblins
  4 jackals
  A quokka (D:2)
  6 giant cockroaches
  3 giant newts (D:2)
  4 kobolds (D:1)
  7 rats
52 creatures vanquished.

Notes
Turn   | Place    | Note
--------------------------------------------------------------
     0 | D:1      | Jaijje the Gargoyle Earth Elementalist began the quest for the Orb.
     0 | D:1      | Reached XP level 1. HP: 10/10 MP: 3/3
   222 | D:1      | Reached XP level 2. HP: 12/15 MP: 3/5
   378 | D:1      | Reached skill level 4 in Earth Magic
   711 | D:1      | Reached XP level 3. HP: 12/19 MP: 1/6
   786 | D:2      | Learned a level 3 spell: Stone Arrow
  1102 | D:2      | Found a blossoming altar of Fedhas.
  1113 | D:2      | Found a shimmering altar of Xom.
  1583 | D:3      | Found a white marble altar of Elyvilon.
  1815 | D:3      | Noticed Sigmund
  1994 | D:4      | Noticed a giant frog
  2003 | D:4      | Killed a giant frog
  2003 | D:4      | Reached skill level 5 in Earth Magic
  2003 | D:4      | Reached XP level 4. HP: 13/24 MP: 0/8
  2003 | D:4      | Reached XP level 5. HP: 15/28 MP: 0/9
  2221 | D:4      | Found a staircase to the Ecumenical Temple.
  2232 | D:4      | Noticed a slave
  2234 | D:4      | Noticed a slave
  2282 | D:4      | Killed a slave
  2303 | D:4      | Found a blossoming altar of Fedhas.
  2336 | Temple   | Entered the Ecumenical Temple
  2356 | Temple   | Became a worshipper of Sif Muna the Loreminder
  2371 | D:4      | Noticed a slave
  2385 | D:4      | Noticed Pikel
  2390 | D:4      | Noticed a slave
  2391 | D:4      | Found a stormy altar of Qazlal.
  2431 | D:4      | Noticed an ogre
  2834 | D:4      | Found a shattered altar of Ashenzari.
  2874 | D:5      | Entered Level 5 of the Dungeon
  3075 | D:4      | Slain by an ogre

Action                   |  1- 3 |  4- 6 || total
-------------------------+-------+-------++-------
Melee: Unarmed           |    72 |       ||    72
 Cast: Sandblast         |    79 |    31 ||   110
       Stone Arrow       |     4 |     5 ||     9
  Use: Scroll            |       |     5 ||     5
 Stab: Sleeping          |     1 |       ||     1
  Eat: Chunk             |     4 |     2 ||     6
       Fruit             |       |     2 ||     2
